 Dungeon Crawl Stone Soup version 0.16.1-28-gcc2312f (webtiles) character file.

102 sqallbeste the Magician (level 4, -11/24 HPs)
             Began as a Deep Elf Air Elementalist on May 25, 2015.
             Was a Follower of Makhleb.
             Killed by divine providence
             ... invoked by an orc priest
              (15 damage)
             ... on level 3 of the Dungeon.
             The game lasted 00:16:51 (2038 turns).

sqallbeste the Magician (Deep Elf Air Elementalist) Turns: 2038, Time: 00:16:51

Health: -11/24     AC:  4    Str:  5    XL:     4   Next: 49%
Magic:  8/15       EV: 19    Int: 21    God:    Makhleb [*.....]
Gold:   192        SH:  0    Dex: 20    Spells: 4 memorised, 3 levels left

rFire  . . .     SeeInvis .     (no weapon)
rCold  . . .     Clarity  .     a - +0 robe
rNeg   + . .     SustAb   .     (no shield)
rPois  .         Gourm    .     e - +0 helmet
rElec  .         Spirit   .     k - +0 cloak
rCorr  .         Warding  +     (no gloves)
rMut   .         Stasis   .     (no boots)
MR     .....                    l - amulet of warding
Stlth  +++.......               (no ring)
                                (no ring)

@: agile, swift (expiring), very slightly contaminated, quick, not resistant to
hostile enchantments, fairly stealthy
A: no striking features
a: Renounce Religion


You were on level 3 of the Dungeon.
You worshipped Makhleb.
Makhleb was aware of your devotion.
You were not hungry.

You visited 1 branch of the dungeon, and saw 3 of its levels.

You collected 192 gold pieces.

Inventory:

Armour
 a - a +0 robe (worn)
 e - a +0 helmet (worn)
 h - a +0 cloak
 k - a +0 cloak (worn)
Jewellery
 c - an uncursed amulet of clarity
 d - a +3 ring of dexterity
 l - an amulet of warding (around neck)
Scrolls
 j - a scroll of enchant weapon
Potions
 g - a potion of might
Books
 b - a book of Air

   Spells                             Type                      Level
   a - Shock                          Conjuration/Air              1
   b - Swiftness                      Charms/Air                   2
   c - Repel Missiles                 Charms/Air                   2
   d - Flight                         Charms/Air                   3
   e - Static Discharge               Conjuration/Air              3
   f - Lightning Bolt                 Conjuration/Air              5


   Skills:
 - Level 0.1 Fighting
 + Level 2.9 Dodging
 + Level 2.4 Stealth
 - Level 0.1 Unarmed Combat
 * Level 4.1 Spellcasting
 * Level 2.4 Conjurations
 * Level 4.0 Air Magic


You had 3 spell levels left.
You knew the following spells:

 Your Spells              Type           Power        Failure   Level  Hunger
a - Shock                 Conj/Air       ###.         3%          1    None
b - Static Discharge      Conj/Air       ###.....     12%         3    ###....
c - Swiftness             Chrm/Air       ##......     10%         2    #......
d - Repel Missiles        Chrm/Air       ##....       10%         2    #......


Dungeon Overview and Level Annotations

Branches:
Dungeon (3/15)

Altars:
Makhleb
Okawaru
Yredelemnul


Message History

Confirm with . or Enter, or press ? or * to list all spells.
Aiming: Shock
Press: ? - help, Shift-Dir - straight line, f/p - orc priest
Aim: an orc priest, wearing a scale mail (lightly wounded)
The zap hits the orc priest.
The orc priest is moderately wounded.
Casting: Shock
Confirm with . or Enter, or press ? or * to list all spells.
You feel quick.
The orc priest prays to Beogh.
You feel troubled.
The orc priest mumbles some strange prayers to Beogh against you.
Something smites you!
* * * LOW HITPOINT WARNING * * *
You see here a quokka corpse.
You start to feel a little slower.
The orc priest mumbles some strange prayers to Beogh against you.
Something smites you!
Ouch! That really hurt!
You die...

###.###..#
#.##.#
#..........
.........##
#.##.###
###########
###.###...#
#......# # #.#
#.#.# ####.#.#
# #.# #.#..#
#.#.# # #.#
#.##.# #.#.# #
#.# #.# ..
#.#.# # ..#
#.# #.# #.#.#
# #.# #. #@#.#
######## # #.#
#. #.#.#
#......# # #.#
#.## #.#.#
#......# #
#..# #.#.#
#......# #
#.####.###.#.#
#......# #
#............#
#......###
######.###o###
#.........
#..##.#
#......###
##.##.#
#......#


You could see an orc priest.

Vanquished Creatures
  5 adders
  A giant gecko (D:2)
  An ooze (D:3)
  2 orcs (D:3)
  2 ball pythons (D:2)
  3 bats (D:1)
  4 giant cockroaches
  6 goblins
  6 hobgoblins
  7 kobolds
  2 quokkas
  3 giant newts
  8 rats
50 creatures vanquished.

Notes
Turn   | Place    | Note
--------------------------------------------------------------
     0 | D:1      | sqallbeste, the Deep Elf Air Elementalist, began the quest for the Orb.
     0 | D:1      | Reached XP level 1. HP: 10/10 MP: 5/5
   235 | D:1      | Reached XP level 2. HP: 13/15 MP: 0/8
   519 | D:1      | Found an iron altar of Okawaru.
   812 | D:2      | Found a burning altar of Makhleb.
   812 | D:2      | Found a basalt altar of Yredelemnul.
   851 | D:2      | Became a worshipper of Makhleb the Destroyer
   976 | D:2      | Reached XP level 3. HP: 19/19 MP: 4/11
  1127 | D:2      | Learned a level 3 spell: Static Discharge
  1130 | D:2      | Learned a level 2 spell: Swiftness
  1584 | D:3      | Acquired Makhleb's first power
  1584 | D:3      | Reached skill level 4 in Spellcasting
  1584 | D:3      | Reached XP level 4. HP: 16/24 MP: 0/15
  1728 | D:3      | Learned a level 2 spell: Repel Missiles
  2038 | D:3      | Killed from afar by an orc priest

Action                   |  1- 3 |  4- 6 || total
-------------------------+-------+-------++-------
Melee: Unarmed           |    30 |       ||    30
 Cast: Shock             |    75 |    18 ||    93
       Static Discharge  |     4 |     2 ||     6
       Swiftness         |       |     1 ||     1
  Use: Scroll            |     5 |     1 ||     6
       Potion            |     3 |     2 ||     5
  Eat: Bread ration      |     1 |       ||     1
